 Dungeon Crawl Stone Soup version 0.18.1-48-g4cf74bf (webtiles) character file.

1265674 dvd the Merry Gargoyle (level 27, -3/199 HPs)
             Began as a Gargoyle Gladiator on July 2, 2016.
             Was the Champion of Ru.
             Killed from afar by a Brimstone Fiend (44 damage)
             ... with damnation
             ... summoned by Osteyn
             ... on level 15 of the Dungeon on July 18, 2016.
             The game lasted 12:35:37 (136298 turns).

dvd the Merry Gargoyle (Gargoyle Gladiator)       Turns: 136298, Time: 12:35:38

Health: -3/199     AC: 61    Str: 36    XL:     27
Magic:  30/30      EV: 26    Int:  8    God:    Ru [******]
Gold:   10911      SH:  2    Dex: 22    Spells: 6 memorised, 35 levels left

rFire  + + +     SeeInvis +     a - +9 battleaxe (flame)
rCold  + + +     Gourm    .     L - +7 chain mail of Gluttony {rF+ rC+ MR+ Str+4}
rNeg   + . .     Faith    .     (shield currently unavailable)
rPois  ∞         Spirit   .     E - +1 helmet of the Maze {Str+8}
rElec  +         Dismiss  .     j - +2 cloak of the Thief {+Fog Slay-2 SInv Stlth+}
rCorr  +         Reflect  .     g - +4 pair of gloves of Disguise {rC+}
SustAt .         Harm     .     V - +2 pair of boots
MR     ++++.     Rnd*Rage +     Z - necklace of Bloodlust {*Rage +Rage MR+ Str+2 Int-2 Slay+3 *Curse} (curse)
Stlth  ..........               T - ring "Yceux" {rElec rF+ rC+ Dex+3}
                                B - ring "Neutwas" {rCorr rF+ Str+4 Slay+3}

@: exhausted, flying, studying Unarmed Combat, repel missiles, drained,
incredibly resistant to hostile enchantments, extremely unstealthy
A: big wings, large bone plates 1, thin skeletal structure 1, berserk 1, dopey
1, low mp 3, mutation resistance 1, negative energy resistance 1, regeneration
2, electricity resistance, weak 2, unbreathing, petrification resistance, rot
immunity, no stealth, inability to use devices, hated by all, no ice magic, no
translocations magic, no transmutations magic, unskilled 1, sturdy frame 1, AC
+20
a: Stop Flying, Draw Out Power, Power Leap, Apocalypse, Renounce Religion
0: Orb of Zot
}: 10/15 runes: serpentine, barnacled, slimy, silver, golden, iron, obsidian,
icy, bone, abyssal


You were on level 15 of the Dungeon.
You worshipped Ru.
Ru was exalted by your worship.
You were not hungry.

You visited 18 branches of the dungeon, and saw 93 of its levels.
You visited the Abyss 1 time.
You visited 1 ziggurat, and saw 10 of its levels.
You also visited: Labyrinth and Trove.

You collected 15260 gold pieces.
You spent 4349 gold pieces at shops.

Inventory:

Hand Weapons
 a - a +9 battleaxe of flaming (weapon)
 b - the +2 longbow of Voomof {velocity, rN+ Str+3}
   (You bought it in a shop on level 4 of the Dungeon)

   Any arrow fired from it inflicts extra damage.
   It affects your strength (+3).
   It protects you from negative energy.
 o - a +0 battleaxe of holy wrath
 r - the +8 shortbow "Jelly's Death" {speed, rPois Str-2 Int+4 Dex+8}
   (You found it on level 9 of a ziggurat)

   Attacks with this weapon are significantly faster.
   It affects your strength (-2).
   It affects your intelligence (+4).
   It affects your dexterity (+8).
   It protects you from poison.
 Q - a +5 battleaxe of electrocution
Missiles
 t - 1132 arrows
 C - 22 javelins of returning (quivered)
 N - 38 steel javelins
Armour
 g - the +4 pair of gloves of Disguise (worn) {rC+}
   (You found it on level 3 of the Snake Pit)

   It protects you from cold.
 j - the +2 cloak of the Thief (worn) {+Fog Slay-2 SInv Stlth+}
   (You bought it in a shop on level 10 of the Dungeon)

   It affects your accuracy and damage with ranged weapons and melee attacks
   (-2).
   It lets you see invisible.
   It can be evoked to emit clouds of fog.
   It makes you more stealthy.
 p - the +0 helmet of the Barracuda {rPois Dex+10}
   (You found it on level 1 of the Elven Halls)

   It affects your dexterity (+10).
   It protects you from poison.
 E - the +1 helmet of the Maze (worn) {Str+8}
   (You found it on level 4 of the Depths)

   It affects your strength (+8).
 F - the +14 plate armour of Heresy {MP+9 Str+3 Int+4}
   (You found it on level 2 of the Realm of Zot)

   It affects your strength (+3).
   It affects your intelligence (+4).
   It affects your magic capacity (+9).
 J - the +4 moon troll leather armour {Spirit, Regen++ MP+5}
   (You found it on level 3 of the Tomb of the Ancients)

   It affects your magic capacity (+5).
   It increases your rate of regeneration.
 L - the +7 chain mail of Gluttony (worn) {rF+ rC+ MR+ Str+4}
   (You bought it in a shop on level 1 of the Elven Halls)

   It affects your strength (+4).
   It protects you from fire.
   It protects you from cold.
   It affects your resistance to hostile enchantments.
 V - a +2 pair of boots (worn)
Jewellery
 c - the ring of Ushrac Iloc {SustAt rElec Dex+2 Stlth+}
   (You found it on level 3 of the Tomb of the Ancients)

   [ring of sustain attributes]

   It sustains your strength, intelligence and dexterity.
   It affects your dexterity (+2).
   It insulates you from electricity.
   It makes you more stealthy.
 i - the amulet of Kimocey {Spirit rPois rF+++ rN+ Int-4}
   (You found it on level 6 of the Pits of Slime)

   [amulet of guardian spirit]

   It causes incoming damage to be split between your health and magic.
   It affects your intelligence (-4).
   It renders you almost immune to fire.
   It protects you from poison.
   It protects you from negative energy.
 v - the ring "Koryqa" {rF+ MP+9 Str+3 Dex+3}
   (You found it in a treasure trove)

   [ring of dexterity]

   It affects your strength (+3).
   It affects your dexterity (+3).
   It protects you from fire.
   It affects your magic capacity (+9).
 A - the ring "Akoev" {rCorr rF++ MP+9 Dex-4 Slay+5}
   (You found it on level 6 of the Pits of Slime)

   [ring of resist corrosion]

   It affects your dexterity (-4).
   It affects your accuracy and damage with ranged weapons and melee attacks
   (+5).
   It greatly protects you from fire.
   It affects your magic capacity (+9).
 B - the ring "Neutwas" (left hand) {rCorr rF+ Str+4 Slay+3}
   (You found it in a treasure trove)

   [ring of resist corrosion]

   It affects your strength (+4).
   It affects your accuracy and damage with ranged weapons and melee attacks
   (+3).
   It protects you from fire.
 H - the ring "Benar" {SustAt Str+6 Int+3}
   (You found it on level 5 of a ziggurat)

   [ring of sustain attributes]

   It sustains your strength, intelligence and dexterity.
   It affects your strength (+6).
   It affects your intelligence (+3).
 M - the ring "Boomipug" {rPois rN+ MP+9 Dex+4}
   (You found it on level 3 of the Crypt)

   [ring of positive energy]

   It affects your dexterity (+4).
   It protects you from poison.
   It protects you from negative energy.
   It affects your magic capacity (+9).
 P - the ring of Qoruic {rF+ rN+}
   (You took it off a skeletal warrior on level 3 of the Crypt)

   [ring of positive energy]

   It protects you from fire.
   It protects you from negative energy.
 T - the ring "Yceux" (right hand) {rElec rF+ rC+ Dex+3}
   (You found it on level 7 of Tartarus)

   [ring of protection from fire]

   It affects your dexterity (+3).
   It protects you from fire.
   It protects you from cold.
   It insulates you from electricity.
 X - the ring of Muny {+Inv Str+4 SInv}
   (You took it off an ironheart preserver on level 5 of the Vaults)

   [ring of see invisible]

   It affects your strength (+4).
   It lets you see invisible.
   It lets you turn invisible.
 Z - the cursed necklace of Bloodlust (around neck) {*Rage +Rage MR+ Str+2 Int-2 Slay+3 *Curse}
   (You found it on level 4 of the Shoals)

   [amulet of rage]

   It affects your strength (+2).
   It affects your intelligence (-2).
   It affects your accuracy and damage with ranged weapons and melee attacks
   (+3).
   It affects your resistance to hostile enchantments.
   It lets you go berserk.
   It may make you go berserk in combat.
   It may re-curse itself when equipped.
   It has a curse placed upon it.
Scrolls
 h - 47 scrolls of identify
 k - 14 scrolls of remove curse
 m - 6 scrolls of magic mapping
 s - 3 scrolls of fog
 w - 2 scrolls of enchant armour
 x - 13 scrolls of fear
 y - 22 scrolls of teleportation
 O - 3 scrolls of blinking
 S - 3 scrolls of holy word
Potions
 d - 7 potions of heal wounds
 e - a potion of agility
 n - 2 potions of haste
 q - a potion of cure mutation
 z - 21 potions of curing
 G - a potion of might
 K - 2 potions of ambrosia
 R - 2 potions of magic
 U - a potion of cancellation
Books
 W - a manual of Unarmed Combat
Comestibles
 f - 23 bread rations
 u - 32 fruits
 D - a royal jelly


   Skills:
 O Level 27(26.4) Fighting
 O Level 27(26.4) Axes
   Level 2.1(20.5) Maces & Flails
   Level 11.5(11.2) Staves
 O Level 27(26.4) Bows
 + Level 9.6(9.3) Throwing
 * Level 20.9(20.4) Armour
 * Level 17.7(17.3) Dodging
   Level 7.0(6.6) Shields
 + Level 16.5(16.0) Spellcasting
 + Level 14.1(13.7) Charms
 + Level 15.3(14.9) Summonings
 + Level 13.4(13.0) Necromancy
 + Level 6.8(6.4) Air Magic
 + Level 15.6(15.2) Earth Magic
 * Level 10.5(10.1) Poison Magic


You had 35 spell levels left.
You knew the following spells:

 Your Spells              Type           Power        Failure   Level  Hunger
a - Repel Missiles        Chrm/Air       ###...       1%          2    None
b - Regeneration          Chrm/Necr      ####......   1%          3    ##.....
c - Aura of Abjuration    Summ           ####......   1%          5    #####..
d - Olgreb's Toxic Radia  Pois           ###.....     2%          4    ####...
e - Lee's Rapid Deconstr  Erth           ####......   1%          5    #####..
f - Cigotuvi's Embrace    Necr           ####......   1%          5    #####..


Dungeon Overview and Level Annotations

Branches:
Dungeon (15/15)            Temple (1/1) D:4            Lair (8/8) D:11
 Shoals (4/4) Lair:6        Snake (4/4) Lair:5        Slime (6/6) Lair:8
    Orc (2/2) D:10            Elf (3/3) Orc:2        Vaults (5/5) D:14
  Crypt (3/3) Vaults:2       Tomb (3/3) Crypt:3      Depths (5/5) D:15
   Hell (1/1)                 Dis (7/7) Hell            Geh (7/7) Hell
    Coc (7/7) Hell            Tar (7/7) Hell            Zot (5/5) Depths:5

Altars:
Ashenzari
Cheibriados
Dithmenos
Elyvilon
Fedhas
Gozag
Kikubaaqudgha
Makhleb
Nemelex Xobeh
Okawaru
Pakellas
Qazlal
Ru
Sif Muna
Trog
Vehumet
Xom
Yredelemnul
Zin
The Shining One
Jiyva

Shops:
D:4 (}(!   D:5 }   D:10 [   Orc:1 *   Orc:2 =[=!   Elf:1 [   Elf:3 %
Vaults:2 [[

Portals:
Hell: Depths:1 Depths:2 Depths:3 Depths:4 Depths:5
Abyss: Depths:1 Depths:4
Pandemonium: Depths:3
Ziggurat: Zot:3

Annotations:
Elf:2 2 runed doors


Innate Abilities, Weirdness & Mutations

You are resistant to torment.
Your stone body is resilient (AC +20).
You are immune to poison.
Your large and strong wings let you fly indefinitely.
You resist negative energy.
You are resistant to electric shocks.
You can survive without breathing.
You are immune to petrification.
You are immune to rotting.
You cannot be stealthy.
You cannot study or use magical devices.
You are hated by all.
You cannot study or cast Ice magic.
You cannot study or cast Translocations magic.
You cannot study or cast Transmutations magic.
You are somewhat unskilled (-1 Apt).
You are partially covered in large bone plates (AC +2, SH +2).
You have a somewhat thin skeletal structure (Dex +2, Stealth).
You tend to lose your temper in combat.
You are dopey. (Int -2)
Your magical capacity is extremely low (-30% MP).
You are somewhat resistant to further mutation.
You heal very quickly.
You are very weak. (Str -4)
Your movements are slightly less encumbered by armour (ER -2).


Message History

The Brimstone Fiend completely resists.
The damnation engulfs the white imp.
The white imp dies!
The damnation engulfs the hellion.
The hellion completely resists.
You slice the hellion!!
You kill the hellion!
You slice the Brimstone Fiend!!
The Brimstone Fiend is moderately wounded.
The iron imp disappears in a puff of smoke!
The Brimstone Fiend gestures at you.
The damnation unfurls!
The damnation engulfs you!
* * * LOW HITPOINT WARNING * * *
The damnation engulfs the Brimstone Fiend.
The Brimstone Fiend completely resists.
You focus your will and blind the Brimstone Fiend in retribution!
Osteyn gurgles, "Get thee hence whilst thou can!"
The Brimstone Fiend gestures at something.
The damnation unfurls!
The damnation engulfs the Brimstone Fiend.
The Brimstone Fiend completely resists.
The damnation engulfs you!
You die...

....##).# ##)#.............#
#######.# #)#.############# #
#.## #.#.# # ####..# #.#.# #
#.....## #.#.############### #
#......# #.#...............#
####......###'###############.#
..##.......#.....#### #.#
..##.....#.#....@+..# #.#
..########)#....1##.#########.#
..# #.))[/....§..&.......# ..#
##..'#'#.#.########### ..#
####.#.#.#.#.# ..#
#......#.#.#.# ÷.#
#.###....#.#.# ..# #.#
#..#.....#
..######§###..#.#...#


You could see a Brimstone Fiend (blind).

Vanquished Creatures
  Asmodeus (Geh:7)
  Antaeus (Coc:7)
  the Royal Jelly (Slime:6)
  Ereshkigal (Tar:7)
  the Serpent of Hell (Geh:7)
  Dispater (Dis:7)
  5 orbs of fire
  The ghost of tyranidshit the Conqueror, a legendary MiBe of Trog (Zot:5)
  9 ancient liches
  Mara (Depths:4)
  A juggernaut (Depths:3)
  Mennas (Depths:4)
  21 greater mummies
  14 shard shrikes
  A pandemonium lord (Zot:5)
  3 Killer Klowns
  Margery (Depths:3)
  Geryon (Hell)
  2 curse toes
  5 golden dragons
  the Enchantress (Depths:2)
  Nikola (Elf:1)
  A profane servitor (Crypt:3)
  16 iron giants
  30 bone dragons
  41 Brimstone Fiends
  59 Tzitzimimeh
  24 liches
  2 electric golems (Zot:5)
  Jorgrun (Depths:4)
  19 doom hounds
  16 tentacled monstrosities
  8 Hell Sentinels
  A hellephant (Abyss:3)
  Rupert (Vaults:1)
  23 Ice Fiends
  3 titans
  26 Orb Guardians
  4 deep elf blademasters
  4 deep elf master archers (Elf:3)
  6 sphinxes
  5 quicksilver dragons
  34 acid blobs
  6 Executioners
  A thorn hunter (Zig:8)
  Frances (Vaults:1)
  5 tentacled starspawn (Abyss:3)
  7 ancient champions
  17 eldritch tentacles
  10 death cobs
  14 storm dragons
  Kirke (Lair:5)
  16 azure jellies
  29 shadow dragons
  Roxanne (Elf:1)
  5 tengu reavers
  Ilsuiw (Shoals:4)
  A draconian monk (Zot:5)
  7 revenants
  9 greater nagas
  2 daevas (Depths:1)
  Wiglaf (Depths:3)
  Maud (Lair:4)
  A ghost moth (Zot:5)
  19 fire giants
  8 deep elf sorcerers
  4 draconian knights
  Donald (Elf:3)
  Aizul (Snake:4)
  5 cacodemons
  11 vault wardens
  19 frost giants
  2 draconian scorchers
  Louise (Snake:4)
  4 orc warlords
  3 deep elf elementalists
  4 draconian annihilators
  17 iron dragons
  3 draconian zealots
  10 ghouls
  5 draconian shifters
  20 balrugs
  3 curse skulls
  115 reapers
  18 ironheart preservers
  27 very ugly things
  34 war gargoyles
  3 elemental wellsprings (Coc:7)
  6 spriggan defenders
  3 deep elf demonologists
  The ghost of Liquid the Carver, a journeyman DsAs of Kikubaaqudgha (Orc:2)
  13 vampire knights
  47 stone giants
  8 bennus
  5 draconian callers
  19 salamander stormcallers
  11 green draconians
  10 purple draconians
  8 spark wasps
  7 deep elf annihilators
  14 red draconians
  11 lorocyprocas
  13 black draconians
  A spark wasp (shapeshifter) (Vaults:5)
  A chaos champion (Zig:10)
  3 white draconians
  8 yellow draconians
  Azrael (Elf:1)
  25 mummy priests
  The ghost of Coyotero the Nimble, a journeyman DrFi of Qazlal (Shoals:1)
  7 mottled draconians
  5 merfolk javelineers
  18 ettins
  12 deep elf death magi
  5 eidola
  28 vault guards
  16 blizzard demons
  16 quicksilver dragon zombies
  The ghost of Aelig the Transmogrifier, a journeyman DgTm (Orc:2)
  Snorg (D:12)
  2 green deaths
  20 jiangshi
  25 fire dragons
  A minotaur (Lab)
  6 merfolk impalers
  17 death oozes
  17 yaktaur captains
  2 kraken zombies
  12 great orbs of eyes
  A deep elf high priest (Elf:3)
  6 hydras
  16 naga warriors
  6 entropy weavers
  7 rakshasas
  5 hell beasts
  4 quicksilver dragon skeletons
  9 ghost crabs
  33 ice dragons
  7 spriggan air magi
  A ghost crab (shapeshifter) (Vaults:5)
  14 ogre magi
  Erolcha (D:10)
  A catoblepas (shapeshifter) (Vaults:5)
  17 anacondas
  A catoblepas (D:15)
  A satyr (Shoals:4)
  3 merfolk avatars (Shoals:4)
  13 centaur warriors
  8 death knights
  Erica (D:8)
  5 merfolk aquamancers
  An alligator (Zig:8)
  A queen ant (Lair:6)
  7 deep troll earth magi
  40 hell hogs
  35 dancing weapons
  2 spriggan berserkers (Depths:3)
  15 tengu warriors
  18 vampire magi
  A spectral spriggan (Depths:1)
  12 thrashing horrors (Abyss:3)
  11 deep troll shamans
  14 naga sharpshooters
  73 hell knights
  35 small abominations
  26 sun demons
  18 titan zombies
  A shock serpent (shapeshifter) (Vaults:5)
  17 iron golems
  40 soul eaters
  16 storm dragon zombies
  24 deep elf knights
  4 fire crabs
  7 orc high priests
  12 titan skeletons
  331 skeletal warriors
  8 shock serpents
  2 wretched stars (Abyss:3)
  7 salamander mystics
  4 storm dragon skeletons
  4 golden dragon zombies
  A death drake (shapeshifter) (Vaults:5)
  18 iron trolls
  2 giant orange brains
  11 spatial maelstroms (Abyss:3)
  26 shadow demons
  43 death scarabs
  11 sea snakes
  16 shadow wraiths
  18 anaconda zombies
  8 death drakes
  5 unseen horrors
  A spriggan druid (Zig:6)
  26 flayed ghosts
  6 naga ritualists
  34 deep trolls
  A harpy (shapeshifter) (Vaults:3)
  2 ghost moth zombies
  2 kraken simulacra
  3 swamp dragons
  2 shambling mangroves (Zig:6)
  An orange crystal statue (Zig:8)
  15 wizards
  An anubis guard (shapeshifter) (Vaults:4)
  24 phantasmal warriors
  5 hill giants
  14 ironbrand convokers
  A sphinx zombie (Depths:1)
  Pikel (D:6)
  10 iron dragon zombies
  20 necromancers
  12 shadow dragon zombies
  15 wolf spider zombies
  24 orc knights
  11 harpies
  16 anaconda skeletons
  14 stone giant zombies
  12 orc sorcerers
  7 golden dragon skeletons
  An oklob plant (Lair:8)
  21 deep elf archers
  The ghost of junkhipster the Shield-Bearer, a novice DsFi of Makhleb (D:7)
  2 mana vipers
  7 wolf spiders
  37 anubis guards
  6 shining eyes
  2 orb spiders (shapeshifter) (Depths:3)
  2 orb spiders (Abyss:3)
  11 manticores
  97 deep elf magi
  15 fire giant zombies
  4 sixfirhies
  14 griffons
  10 shadow dragon skeletons
  6 elephants (Lair:8)
  6 fauns (Shoals:4)
  A hornet (Zig:4)
  33 salamanders
  13 frost giant zombies
  56 ugly things
  13 iron dragon skeletons
  Maurice (D:8)
  A shining eye (shapeshifter) (Vaults:5)
  3 worldbinders (Abyss:3)
  6 shock serpent zombies
  24 moths of wrath
  10 cyclopes
  A hell hog skeleton (Crypt:2)
  16 stone giant skeletons
  7 sirens
  16 guardian serpents
  78 rust devils
  A black mamba (shapeshifter) (Vaults:2)
  A water nymph (shapeshifter) (Depths:3)
  6 water nymphs
  11 frost giant skeletons
  25 black mambas
  4 apocalypse crabs
  3 ice statues
  7 dire elephant zombies
  5 shock serpent skeletons
  2 eyes of devastation (Slime:5)
  30 spiny frogs
  An octopode (shapeshifter) (Abyss:3)
  10 molten gargoyles
  20 naga magi
  10 fire giant skeletons
  2 centaur zombies
  13 smoke demons
  2 rime drakes
  4 yaktaur zombies
  4 gargoyles
  8 orange demons
  12 vault sentinels
  8 dire elephant skeletons
  62 hellions
  7 emperor scorpion zombies
  4 kobold demonologists
  2 anaconda simulacra (Coc:1)
  11 efreet
  3 catoblepas zombies
  7 komodo dragons
  A demonic crawler (Hell)
  57 freezing wraiths
  42 yaktaurs
  9 ancient zymes (Abyss:3)
  85 tormentors
  24 hydra zombies
  6 trolls
  58 ice devils
  7 tengu conjurers
  4 jumping spiders
  2 jumping spiders (shapeshifter)
  3 hellwings (Abyss:3)
  9 silent spectres
  40 guardian mummies
  8 harpy zombies
  A catoblepas skeleton (Tar:4)
  49 red devils
  8 giant leeches
  A yaktaur skeleton (Vaults:5)
  3 shadow dragon simulacra
  A wind drake (shapeshifter) (Vaults:4)
  10 ice dragon zombies
  A blink frog (shapeshifter) (Depths:2)
  8 boulder beetles
  7 wind drakes
  29 merfolk
  A slime creature (shapeshifter) (Vaults:5)
  13 bog bodies
  A death drake skeleton (Crypt:1)
  A hornet zombie (D:14)
  29 raiju (Abyss:3)
  13 snapping turtles
  A snapping turtle (shapeshifter) (Zig:4)
  23 two-headed ogres
  133 slime creatures
  An iron dragon simulacrum (Coc:1)
  A minotaur skeleton (Crypt:1)
  43 blink frogs
  4 harpy skeletons
  9 hydra skeletons
  4 spriggan zombies
  A stone giant simulacrum (Crypt:1)
  9 alligator zombies
  15 ettin zombies
  17 fire dragon zombies
  11 air elementals
  7 fire dragon skeletons
  6 ushabtiu
  3 black mamba zombies
  328 flying skulls
  73 shadows
  A fire giant simulacrum (Crypt:3)
  2 tarantellas
  A centaur simulacrum (D:15)
  A hill giant zombie (Crypt:2)
  A spriggan (Depths:1)
  6 ynoxinuls
  7 ettin skeletons
  4 alligator skeletons
  3 spriggan skeletons
  29 fire elementals
  A dire elephant simulacrum (Coc:3)
  8 ice dragon skeletons
  6 fire bats
  20 large abominations (Abyss:3)
  14 redbacks
  3 elf zombies
  A tarantella (shapeshifter) (Vaults:2)
  28 water elementals
  3 black mamba skeletons
  51 yaks
  23 hippogriffs
  70 wraiths
  5 golden eyes
  2 wyverns
  6 hogs (Lair:5)
  The ghost of Rationalist the Shield-Bearer, an amateur FoFi (D:5)
  6 basilisks
  8 neqoxecs (Abyss:3)
  30 vampire mosquitoes
  14 hungry ghosts
  2 hippogriffs (shapeshifter) (Depths:1)
  An emperor scorpion simulacrum (Tar:3)
  A yaktaur simulacrum (Vaults:2)
  8 chaos spawn
  9 wargs
  Menkaure (D:5)
  A mottled dragon (D:14)
  A putrid demonspawn zombie (Tar:2)
  A faun zombie (Crypt:1)
  A deep troll zombie (Vaults:5)
  5 insubstantial wisps
  27 spatial vortices
  A warg (shapeshifter) (Depths:3)
  47 nagas
  A merfolk zombie (Tar:4)
  17 water moccasins
  2 hydra simulacra
  A giant eyeball (shapeshifter) (Vaults:5)
  3 giant eyeballs (Depths:3)
  11 porcupines
  9 soldier ants
  7 spiny frog skeletons
  2 merfolk skeletons
  134 hell hounds
  20 spiny frog zombies
  71 orc warriors
  7 swamp dragon zombies
  A black bear (D:6)
  20 ice beasts
  5 snapping turtle zombies
  9 eyes of draining
  A black bear (shapeshifter) (Depths:2)
  An alligator simulacrum (Coc:7)
  7 sky beasts
  8 wasps
  7 manticore zombies
  20 phantoms
  A black mamba simulacrum (Coc:4)
  55 ogres
  68 necrophages
  38 starcursed masses (Abyss:3)
  11 snapping turtle skeletons
  5 manticore skeletons
  3 swamp dragon skeletons
  6 wolves
  21 centaurs
  7 boggarts
  18 crocodiles
  4 big kobolds
  32 giant frogs
  A gnoll sergeant (D:4)
  2 wyvern zombies (D:14)
  4 earth elementals
  4 spiny frog simulacra
  A salamander skeleton (Crypt:2)
  A hell hound skeleton (Crypt:1)
  5 scorpions
  A polar bear zombie (Crypt:1)
  5 killer bees (D:10)
  A snapping turtle simulacrum (Hell)
  A human simulacrum (Vaults:1)
  A troll zombie (Dis:4)
  190 wights
  5 electric eels
  6 howler monkeys
  32 jellies
  14 crimson imps
  2 giant frog zombies
  3 quasits
  6 hounds
  2 human zombies
  A wasp zombie (D:8)
  A wolf skeleton (Crypt:2)
  54 iron imps
  8 centaur skeletons
  2 giant frog skeletons
  44 orc priests
  A jelly (shapeshifter) (Abyss:3)
  8 iguanas
  3 human skeletons
  27 orc wizards
  23 worker ants
  A two-headed ogre skeleton (Crypt:2)
  7 lightning spires
  7 hell rats
  A crocodile zombie (Crypt:2)
  25 sheep
  A tengu zombie (Coc:6)
  3 naga zombies
  An ogre zombie (Geh:5)
  A tengu skeleton (Tar:5)
  2 ogre skeletons
  4 hound skeletons
  71 mummies
  2 howler monkey zombies
  6 adders
  12 gnolls
  A howler monkey skeleton (D:7)
  76 river rats
  35 shadow imps
  18 white imps
  5 ufetubi (Abyss:3)
  3 oozes
  A lava snake zombie (Crypt:1)
  2 adder zombies
  A dart slug (D:2)
  8 giant geckos
  125 orcs
  6 goblins
  8 hobgoblins
  8 jackals
  33 kobolds
  6 quokkas
  A ball python (D:2)
  A ball python zombie (Crypt:1)
  6 bats
  A giant cockroach zombie (D:6)
  8 giant newts
  2 kobold skeletons
  3 orc zombies
  A quokka skeleton (D:6)
  3 quokka zombies
  9 rats
  8 bushes (Lair:6)
  4 butterflies
  4 crawling corpses
  An eldritch tentacle segment (Dis:2)
  10 fire vortices
  12 fungi
  3 lost souls (Crypt:3)
  65 plants
  9 starspawn tentacles (Abyss:3)
  2 starspawn tentacle segments (Abyss:3)
  3 tentacles
6898 creatures vanquished.

Vanquished Creatures (others)
  An ancient lich (Zot:5)
  A golden dragon (Vaults:5)
  A bone dragon (Tar:6)
  A doom hound (Tar:4)
  2 Brimstone Fiends
  2 Hell Sentinels
  A tentacled monstrosity (Depths:3)
  A titan (Vaults:5)
  A deep elf master archer (Elf:3)
  An acid blob (Slime:5)
  2 eldritch tentacles
  A tengu reaver (Vaults:5)
  An ancient champion (Tomb:2)
  A shadow dragon (Vaults:4)
  An azure jelly (Slime:6)
  An iron dragon (Dis:3)
  5 deep elf elementalists
  3 reapers
  3 stone giants
  A very ugly thing (Depths:5)
  An elemental wellspring (Coc:2)
  A deep elf annihilator (Elf:3)
  A white draconian (Zot:5)
  2 jiangshi (Crypt:3)
  A vault guard (Vaults:1)
  A hydra (Lair:4)
  A centaur warrior (D:14)
  A satyr (Shoals:4)
  An ogre mage (Vaults:2)
  4 hell hogs
  A dancing weapon (Elf:2)
  A storm dragon zombie (Coc:1)
  4 skeletal warriors
  A salamander mystic (Snake:3)
  A shadow demon (Tar:2)
  4 death scarabs
  A hell knight (Hell)
  2 sea snakes
  2 deep trolls
  3 phantasmal warriors
  2 anubis guards (Tomb:3)
  A wizard (Depths:4)
  3 deep elf magi
  A hornet (Vaults:2)
  2 centaur zombies
  An apocalypse crab (Abyss:3)
  A siren (Shoals:4)
  A black mamba (Snake:4)
  A shock serpent skeleton (Tomb:1)
  A tormentor (D:15)
  A komodo dragon (Lair:5)
  A red devil (Geh:5)
  A harpy zombie (Geh:4)
  A slime creature (Depths:1)
  A two-headed ogre (Vaults:2)
  A harpy skeleton (Tar:6)
  A blink frog (Lair:8)
  A hydra skeleton (Geh:5)
  2 flying skulls
  A redback (Depths:5)
  2 spriggans
  An ettin skeleton (Geh:1)
  3 yaks
  A neqoxec (D:15)
  A spatial vortex (Abyss:3)
  An insubstantial wisp (Zig:6)
  5 nagas
  2 hell hounds (Geh:7)
  A soldier ant (Lair:6)
  A water moccasin (Lair:5)
  2 orc warriors
  A wasp (Zig:8)
  A slave (D:6)
  A boggart (Vaults:2)
  A crocodile (Lair:4)
  A centaur (Shoals:2)
  A giant frog (D:11)
  A wight (Geh:1)
  A crimson imp (Geh:7)
  2 iron imps
  A killer bee zombie (D:6)
  8 sheep
  2 tengu skeletons (Tar:7)
  4 mummies
  A shadow imp (Tar:2)
  3 orcs
  A briar patch (Zig:8)
  312 eldritch tentacle segments
  3 fire vortices
  64 fungi
  2 lurking horrors (Abyss:3)
  23 plants
  8 starspawn tentacles (Abyss:3)
  71 starspawn tentacle segments (Abyss:3)
  6 tentacles
  118 tentacle segments
747 creatures vanquished.

Grand Total: 7645 creatures vanquished

Notes
Turn   | Place    | Note
--------------------------------------------------------------
     0 | D:1      | dvd the Gargoyle Gladiator began the quest for the Orb.
     0 | D:1      | Reached XP level 1. HP: 12/12 MP: 1/1
   253 | D:1      | Reached XP level 2. HP: 17/17 MP: 2/2
   688 | D:2      | Reached XP level 3. HP: 20/21 MP: 3/3
  1081 | D:3      | Noticed a sky beast
  1100 | D:3      | HP: 1/22 [sky beast (1)]
  1522 | D:3      | Reached XP level 4. HP: 27/27 MP: 4/4
  1961 | D:4      | Noticed an ogre
  2159 | D:4      | Noticed an ogre
  2167 | D:4      | Killed an ogre
  2167 | D:4      | Reached skill level 1 in Armour
  2167 | D:4      | Reached skill level 1 in Stealth
  2167 | D:4      | Reached XP level 5. HP: 12/32 MP: 5/5
  2176 | D:4      | Found Womedo Inih's Weapon Boutique.
  2216 | D:4      | Found Teazuha's Gadget Emporium.
  2248 | D:4      | Found a staircase to the Ecumenical Temple.
  2269 | Temple   | Entered the Ecumenical Temple
  2659 | D:4      | Found an opulent altar of Gozag.
  2660 | D:4      | Found a sparkling altar of Nemelex Xobeh.
  2664 | D:4      | Reached XP level 6. HP: 37/37 MP: 6/6
  3087 | D:4      | Found Liefam's Distillery.
  3219 | D:4      | Reached XP level 7. HP: 36/42 MP: 7/7
  3220 | D:4      | Found Lotuan's Antique Weapon Shop.
  3249 | D:4      | Bought a scorched longbow for 199 gold pieces
  3249 | D:4      | Identified the cursed +2 longbow of Voomof {velocity, rN+ Str+3} (You bought it in a shop on level 4 of the Dungeon)
  3342 | D:4      | Found a bloodstained altar of Trog.
  3536 | D:5      | Entered Level 5 of the Dungeon
  3622 | D:5      | Reached skill level 1 in Bows
  3668 | D:5      | Noticed Menkaure
  3674 | D:5      | Killed Menkaure
  3859 | D:5      | Found Lemeuth's Gadget Emporium.
  3965 | D:5      | Reached XP level 8. HP: 48/48 MP: 8/8
  4078 | D:5      | Found a glowing silver altar of Zin.
  4107 | D:5      | Noticed Rationalist's ghost (amateur FoFi)
  4113 | D:5      | Killed Rationalist's ghost
  4425 | D:6      | Reached skill level 1 in Shields
  4524 | D:6      | Found a sacrificial altar of Ru.
  4532 | D:6      | Became a worshipper of Ru the Awakened
  4680 | D:6      | Noticed Pikel
  4688 | D:6      | Killed Pikel
  4688 | D:6      | Reached skill level 5 in Bows
  4688 | D:6      | Reached XP level 9. HP: 42/53 MP: 9/9
  4789 | D:6      | Found a deep blue altar of Sif Muna.
  5111 | D:6      | Reached skill level 5 in Armour
  5175 | D:7      | Noticed junkhipster's ghost (novice DsFi)
  5334 | D:7      | Reached skill level 5 in Axes
  5430 | D:7      | Killed junkhipster's ghost
  5430 | D:7      | Reached skill level 5 in Fighting
  5430 | D:7      | Reached skill level 5 in Dodging
  5703 | D:7      | Gained mutation: You cannot be stealthy. [Ru sacrifice]
  6042 | D:8      | Reached XP level 10. HP: 59/59 MP: 10/10
  6353 | D:8      | Noticed Erica
  6362 | D:8      | Killed Erica
  6571 | D:8      | Found a stormy altar of Qazlal.
  6573 | D:8      | Noticed Maurice
  6599 | D:8      | Killed Maurice
  6751 | D:8      | Noticed an unseen horror
  6756 | D:8      | Killed an unseen horror
  6756 | D:8      | Reached skill level 10 in Bows
  6783 | D:8      | Found a shimmering altar of Xom.
  6890 | D:8      | Found a blossoming altar of Fedhas.
  7055 | D:8      | Gained mutation: Your body sometimes deteriorates upon taking damage. [potion of mutation]
  7055 | D:8      | Gained mutation: You possess an exceptional clarity of mind. [potion of mutation]
  7055 | D:8      | Gained mutation: You are somewhat resistant to further mutation. [potion of mutation]
  7056 | D:8      | Gained mutation: You passively map a small area around you. [mutagenic meat]
  7057 | D:8      | Gained mutation: You are frail (-10% HP). [mutagenic meat]
  7606 | D:8      | Reached XP level 11. HP: 54/57 MP: 11/11
  7828 | D:9      | Gained mutation: You are hated by all. [Ru sacrifice]
  7828 | D:9      | Reached * piety under Ru
  7856 | D:9      | Found an oddly glowing altar of Pakellas.
  8067 | D:9      | Found a white marble altar of Elyvilon.
  8071 | D:9      | Found a snail-covered altar of Cheibriados.
  8076 | D:9      | Found a basalt altar of Yredelemnul.
  8225 | D:9      | Found a burning altar of Makhleb.
  8225 | D:9      | Noticed a green death
  8267 | D:10     | Entered Level 10 of the Dungeon
  8346 | D:10     | Found Ytzyv's Armour Shoppe.
  8505 | D:10     | Noticed Erolcha
  8510 | D:10     | Killed Erolcha
  8511 | D:10     | Noticed a hill giant
  8514 | D:10     | Killed a hill giant
  8537 | D:10     | Gained mutation: You passively map the area around you. [mutagenic meat]
  8566 | D:10     | Found a staircase to the Orcish Mines.
  8936 | D:10     | Noticed a hill giant
  8942 | D:10     | Killed a hill giant
  9503 | D:11     | Gained mutation: You are somewhat unskilled (-1 Apt). [Ru sacrifice]
  9503 | D:11     | Reduced skill Fighting to level 5
  9503 | D:11     | Reduced skill Axes to level 5
  9503 | D:11     | Reached ** piety under Ru
  9503 | D:11     | Reached *** piety under Ru
  9506 | D:11     | Noticed a green ugly thing
  9518 | D:11     | Killed a green ugly thing
  9533 | D:11     | Found a staircase to the Lair.
  9558 | D:11     | Reached XP level 12. HP: 58/62 MP: 12/12
  9668 | D:10     | Bought a +2 pair of gloves of strength for 258 gold pieces
 10695 | Lair:1   | Entered Level 1 of the Lair of Beasts
 10814 | Lair:1   | Found an iron altar of Okawaru.
 10837 | Lair:1   | Found a labyrinth entrance.
 10877 | Lab      | Entered a labyrinth
 10890 | Lab      | Found an exit through the horrors of the Abyss.
 10939 | Lab      | Got a pair of distressingly furry gloves
 10960 | Lab      | Identified the +3 pair of gloves "Dufihid" {rF+ Dex-3 Slay+2} (You found it in a labyrinth)
 11512 | Lab      | Found an exit through the horrors of the Abyss.
 11949 | Lab      | Found an exit through the horrors of the Abyss.
 12043 | Lab      | Found an exit through the horrors of the Abyss.
 12221 | Lab      | Found an exit through the horrors of the Abyss.
 12777 | Lab      | Noticed a minotaur
 12788 | Lab      | Killed a minotaur
 12799 | Lab      | Got a heavily runed buckler
 12799 | Lab      | Got a wavering tin ring
 12801 | Lab      | Identified the ring "Fopsess" {+Inv rPois MR- Int+2} (You took it off a minotaur in a labyrinth)
 12818 | Lab      | Identified the +0 buckler of Naocaf {rF+ MR+++ Str-5 Int-4} (You took it off a minotaur in a labyrinth)
 12829 | Lab      | Identified Dadiow's Tome of Feathers
 12829 | Lab      | Identified the Volume of the Creative Voyage
 12853 | Lair:1   | Identified a +9 rod of inaccuracy (9/9) (You took it off a minotaur in a labyrinth)
 13094 | Lair:1   | Gained mutation: You cannot study or cast Ice magic. [Ru sacrifice]
 13094 | Lair:1   | Gained mutation: You cannot study or cast Transmutations magic. [Ru sacrifice]
 13094 | Lair:1   | Gained mutation: You cannot study or cast Translocations magic. [Ru sacrifice]
 13094 | Lair:1   | Reached **** piety under Ru
 14611 | Lair:2   | Reached XP level 13. HP: 52/68 MP: 13/13
 15050 | Lair:3   | Gained mutation: You cannot study or use magical devices. [Ru sacrifice]
 15050 | Lair:3   | Reached ***** piety under Ru
 15050 | Lair:3   | Reached ****** piety under Ru
 15599 | Lair:3   | Got an encrusted leather armour
 15610 | Lair:3   | Identified the +1 leather armour of Gizer {rPois MR++ Str-2} (You found it on level 3 of the Lair of Beasts)
 16133 | Lair:4   | Reached skill level 1 in Staves
 16350 | Lair:4   | Got a shimmering leather armour
 16361 | Lair:4   | Identified the cursed +0 leather armour "Femuleon" {rElec rN+ MP+9} (You found it on level 4 of the Lair of Beasts)
 16511 | Lair:4   | Noticed Maud
 16521 | Lair:4   | Killed Maud
 17003 | Lair:5   | Found a staircase to the Snake Pit.
 17107 | Lair:5   | Noticed Kirke
 17651 | Lair:5   | Lost mutation: Your body sometimes deteriorates upon taking damage. [potion of cure mutation]
 17651 | Lair:5   | Lost mutation: You are frail (-10% HP). [potion of cure mutation]
 17809 | Lair:5   | Killed Kirke
 18130 | Lair:6   | Found a staircase to the Shoals.
 18395 | Lair:6   | Gained mutation: Your large and strong wings let you fly indefinitely. [Gargoyle growth]
 18395 | Lair:6   | Reached XP level 14. HP: 82/82 MP: 14/14
 18842 | Lair:6   | Reached skill level 15 in Bows
 20870 | Lair:8   | Entered Level 8 of the Lair of Beasts
 20873 | Lair:8   | Found a basalt altar of Yredelemnul.
 20977 | Lair:8   | Reached skill level 5 in Staves
 22097 | Lair:8   | Reached XP level 15. HP: 88/88 MP: 15/15
 22346 | Lair:8   | Found a viscous altar of Jiyva.
 22346 | Lair:8   | Found a staircase to the Slime Pits.
 23042 | Orc:1    | Entered Level 1 of the Orcish Mines
 23046 | Orc:1    | Found Aifuss's Alliterative Accessories.
 23063 | Orc:1    | Noticed an orc warlord
 23087 | Orc:1    | Killed an orc warlord
 23089 | Orc:1    | Noticed an orc warlord
 23256 | Orc:1    | Killed an orc warlord
 23807 | Orc:2    | Entered Level 2 of the Orcish Mines
 24095 | Orc:2    | Noticed Liquid's ghost (journeyman DsAs)
 24139 | Orc:2    | Noticed Aelig's ghost (journeyman DgTm)
 24728 | Orc:2    | Killed Liquid's ghost
 25213 | Orc:2    | Killed Aelig's ghost
 25389 | Orc:2    | Found a staircase to the Elven Halls.
 26533 | Orc:2    | Found Ozynohad's Distillery.
 26536 | Orc:2    | Found Jigruitto's Jewellery Shop.
 26537 | Orc:2    | Found Giobaoh's Jewellery Shop.
 26538 | Orc:2    | Found Neacidy's Armour Boutique.
 26794 | D:12     | Noticed Snorg
 26810 | D:12     | Killed Snorg
 27707 | D:12     | Found a snail-covered altar of Cheibriados.
 28094 | D:13     | Reached XP level 16. HP: 96/96 MP: 16/16
 29419 | D:14     | Found a gate to the Vaults.
 30046 | Snake:1  | Entered Level 1 of the Snake Pit
 30742 | Snake:1  | Reached skill level 10 in Armour
 31269 | Snake:1  | Reached skill level 10 in Fighting
 31464 | Snake:2  | Noticed a greater naga
 31475 | Snake:2  | Killed a greater naga
 31572 | Snake:2  | Noticed a greater naga
 31581 | Snake:2  | Killed a greater naga
 31882 | Snake:2  | Reached skill level 10 in Axes
 32648 | Snake:3  | Got a pair of warped gloves
 32659 | Snake:3  | Identified the +4 pair of gloves of Disguise {rC+} (You found it on level 3 of the Snake Pit)
 33041 | Snake:3  | Reached XP level 17. HP: 95/103 MP: 17/17
 33875 | Snake:4  | Entered Level 4 of the Snake Pit
 34375 | Snake:4  | Noticed Louise
 34390 | Snake:4  | Killed Louise
 35213 | Snake:4  | Reached skill level 5 in Shields
 35421 | Snake:4  | Noticed Aizul
 35440 | Snake:4  | Killed Aizul
 36260 | Snake:4  | Reached XP level 18. HP: 97/110 MP: 18/18
 36735 | Snake:4  | Got a serpentine rune of Zot
 37191 | Elf:1    | Entered Level 1 of the Elven Halls
 37206 | Elf:1    | Noticed Azrael
 37572 | Elf:1    | Noticed Roxanne
 37583 | Elf:1    | Killed Azrael
 37651 | Elf:1    | Killed Roxanne
 37654 | Elf:1    | Identified Roxanne's Reference Book on Transmigration (You took it off Roxanne on level 1 of the Elven Halls)
 37866 | Elf:1    | Got a scorched helmet
 37877 | Elf:1    | Identified the cursed +0 helmet of the Barracuda {rPois Dex+10} (You found it on level 1 of the Elven Halls)
 37926 | Elf:1    | Reached skill level 10 in Staves
 38251 | Elf:1    | Noticed Nikola
 38276 | Elf:1    | Killed Nikola
 38278 | Elf:1    | Got a pair of twisted gloves
 38289 | Elf:1    | Identified the +0 pair of gloves of Death's Door {rPois} (You took it off Nikola on level 1 of the Elven Halls)
 39172 | Elf:1    | Found Bonwamos's Armour Shop.
 39180 | Elf:1    | Bought the +7 chain mail of Gluttony {rF+ rC+ MR+ Str+4} for 745 gold pieces
 39367 | Elf:1    | Identified Woemam Vopu's Incunabulum of Attacks and the Escort
 39621 | Lair:3   | Learned a level 2 spell: Repel Missiles
 39962 | Elf:2    | Found Otozeink's Food Shop.
 40264 | Elf:2    | Reached XP level 19. HP: 116/117 MP: 19/19
 40489 | Elf:2    | Found a large runed door.
 40489 | Elf:2    | Found a large runed door.
 40511 | Elf:2    | Found a large runed door.
 40511 | Elf:2    | Found a large runed door.
 41706 | Elf:3    | Entered Level 3 of the Elven Halls
 41780 | Elf:3    | Found Toerry's Food Shop.
 42013 | Elf:3    | Noticed Donald
 42031 | Elf:3    | Reached skill level 1 in Spellcasting
 42032 | Elf:3    | Killed Donald
 42086 | Elf:3    | Reached skill level 1 in Air Magic
 42402 | Elf:3    | Reached skill level 1 in Charms
 42419 | Elf:3    | Noticed a Brimstone Fiend
 42788 | Elf:3    | Identified the Guide on Stones
 42829 | Elf:3    | Got an ichor-stained shield
 42895 | Elf:3    | Identified the +4 shield of Disguise {rC+} (You found it on level 3 of the Elven Halls)
 43023 | Elf:3    | Got a scorched chain mail
 43034 | Elf:3    | Identified the +6 chain mail "Sofreyli" {Str+9 Int+4} (You found it on level 3 of the Elven Halls)
 43037 | Elf:3    | Got a polished scale mail
 43048 | Elf:3    | Identified the +3 scale mail of Awe {Regen+ MP+9 Dex+4} (You found it on level 3 of the Elven Halls)
 43744 | Shoals:1 | Entered Level 1 of the Shoals
 43866 | Shoals:1 | Reached XP level 20. HP: 100/124 MP: 23/23
 44199 | Shoals:1 | Noticed Coyotero's ghost (journeyman DrFi)
 44215 | Shoals:1 | Killed Coyotero's ghost
 45697 | Shoals:3 | Got a warped shortbow
 45698 | Shoals:3 | Identified the +6 shortbow of Analysis {venom, Fragile rElec Str+4} (You found it on level 3 of the Shoals)
 46151 | Shoals:4 | Entered Level 4 of the Shoals
 46197 | Shoals:4 | Noticed Ilsuiw
 46240 | Shoals:4 | Killed Ilsuiw
 46888 | Shoals:4 | Found Sumienn's Distillery.
 47306 | Shoals:4 | Got a crude mace
 47307 | Shoals:4 | Identified the +5 mace of the Eggplant {flame, rC+ Dex+3} (You found it on level 4 of the Shoals)
 47434 | Shoals:4 | Got a barnacled rune of Zot
 48541 | Vaults:1 | Entered Level 1 of the Vaults
 49720 | Vaults:1 | Reached XP level 21. HP: 131/131 MP: 24/26
 49930 | Vaults:1 | Noticed Frances
 49930 | Vaults:1 | Noticed Rupert
 49941 | Vaults:1 | Killed Rupert
 49947 | Vaults:1 | Killed Frances
 50371 | Vaults:2 | Found Pextyum's Armour Emporium.
 50800 | Vaults:2 | Found a portal to a secret trove of treasure.
 50868 | Vaults:2 | You are sucked into a shaft!
 53079 | Vaults:4 | Reached XP level 22. HP: 82/139 MP: 19/27
 53891 | Vaults:4 | Reached skill level 15 in Fighting
 55006 | Vaults:5 | Entered Level 5 of the Vaults
 55419 | Vaults:4 | Reached skill level 15 in Axes
 56515 | Vaults:4 | Reached XP level 23. HP: 118/146 MP: 28/28
 57150 | Vaults:5 | Gained mutation: You are weak. (Str -2) [a shining eye]
 58100 | Vaults:5 | Got an uncursed shimmering hand crossbow {freeze}
 58101 | Vaults:5 | Identified the +10 hand crossbow of Doubt {freeze, -Tele *Corrode rN++ Str+2} (You took it off a vault warden on level 5 of the Vaults)
 58110 | Vaults:5 | Noticed a golden dragon
 58122 | Vaults:5 | Killed a golden dragon
 58126 | Vaults:5 | Noticed a golden dragon
 58141 | Vaults:5 | Killed a golden dragon
 58211 | Vaults:5 | Got a clouded bone amulet
 58300 | Vaults:5 | Got a warped silver ring
 58709 | Vaults:5 | Noticed an ancient lich
 58736 | Vaults:5 | Killed an ancient lich
 59120 | Vaults:5 | Got a brightly glowing pewter ring
 59122 | Vaults:5 | Identified the ring "Ameoph" {+Blink rPois rN+ Int-5 Slay-6} (You found it on level 5 of the Vaults)
 59124 | Vaults:5 | Identified the ring of Muny {+Inv Str+4 SInv} (You took it off an ironheart preserver on level 5 of the Vaults)
 59128 | Vaults:5 | Identified the amulet of Volezes {Harm *Drain rF++} (You took it off a deep elf demonologist on level 5 of the Vaults)
 59714 | Vaults:5 | Got a silver rune of Zot
 60177 | Vaults:2 | Found Wuff's Antique Armour Shop.
 60210 | Vaults:2 | Bought a runed shadow dragon armour for 2080 gold pieces
 60504 | Vaults:2 | Found a staircase to the Crypt.
 60900 | Vaults:2 | Reached XP level 24. HP: 154/154 MP: 28/28
 61279 | D:15     | Entered Level 15 of the Dungeon
 61563 | D:15     | Found a staircase to the Depths.
 61658 | D:15     | Got an ancient hunting sling
 61659 | D:15     | Identified the +7 hunting sling of Okawaru's Whim {velocity, rElec rPois MP+9} (You found it on level 15 of the Dungeon)
 61740 | D:15     | Found a snail-covered altar of Cheibriados.
 61957 | Depths:1 | Entered Level 1 of the Depths
 62019 | Depths:1 | Found a gateway to Hell.
 62083 | Depths:1 | Found a one-way gate to the infinite horrors of the Abyss.
 62424 | Depths:1 | Found a gateway to a ziggurat.
 62887 | Depths:1 | Identified Kikubaaqudgha's Reference Book on Evil Arts (You found it on level 1 of the Depths)
 63610 | Zig:1    | Entered Level 1 of a ziggurat
 63708 | Zig:2    | Entered Level 2 of a ziggurat
 63796 | Zig:3    | Entered Level 3 of a ziggurat
 63836 | Zig:4    | Entered Level 4 of a ziggurat
 64078 | Zig:5    | Entered Level 5 of a ziggurat
 64119 | Zig:5    | Got a scintillating bronze ring
 64122 | Zig:5    | Identified the ring "Benar" {SustAt Str+6 Int+3} (You found it on level 5 of a ziggurat)
 64166 | Zig:6    | Entered Level 6 of a ziggurat
 64211 | Zig:6    | Got a shimmering chain mail
 64223 | Zig:6    | Identified the +1 chain mail "Fiteajae" {Int+3} (You found it on level 6 of a ziggurat)
 64252 | Zig:6    | Got a blackened ring mail
 64263 | Zig:6    | Identified the cursed +1 ring mail of Hedonism {SInv} (You found it on level 6 of a ziggurat)
 64277 | Zig:7    | Entered Level 7 of a ziggurat
 64343 | Zig:7    | Got a slimy trident
 64344 | Zig:7    | Identified the +8 trident of the Four Dances {venom, Int+2 SInv} (You found it on level 7 of a ziggurat)
 64351 | Zig:7    | Identified Jieviaf's Disquisition on Harmful Summoning
 64403 | Zig:8    | Entered Level 8 of a ziggurat
 64462 | Zig:8    | Learned a level 3 spell: Regeneration
 64479 | Zig:8    | Got a slimy scale mail
 64490 | Zig:8    | Identified the +1 scale mail of the Unseen Realm {-Tele Int+4 SInv Stlth+} (You found it on level 8 of a ziggurat)
 64505 | Zig:9    | Entered Level 9 of a ziggurat
 64601 | Zig:9    | Got a smoking shortbow
 64602 | Zig:9    | Identified the cursed +0 shortbow of Bankruptcy {freeze, rF- MR+++ Str+5} (You found it on level 9 of a ziggurat)
 64612 | Zig:9    | Got a heavily runed pearl dragon armour
 64623 | Zig:9    | Identified the cursed +0 pearl dragon armour of Amelioration {rPois rN+} (You found it on level 9 of a ziggurat)
 64646 | Zig:9    | Got a polished shortbow
 64647 | Zig:9    | Identified the +8 shortbow "Jelly's Death" {speed, rPois Str-2 Int+4 Dex+8} (You found it on level 9 of a ziggurat)
 64762 | Zig:10   | Entered Level 10 of a ziggurat
 64775 | Zig:10   | Noticed Tiwkok the pandemonium lord
 64801 | Zig:10   | Got a sparkling iron ring
 64808 | Depths:1 | Identified the ring "Xowiob" {*Confuse +Fly rElec MR+ EV+3 Str+2} (You found it on level 10 of a ziggurat)
 65279 | Depths:1 | Reached XP level 25. HP: 159/161 MP: 28/28
 65797 | Depths:2 | Found a shimmering altar of Xom.
 66138 | Depths:2 | Noticed the Enchantress
 66210 | Depths:2 | Got a scorched marble ring
 66212 | Depths:2 | Identified the ring "Jiurukuatt" {rPois MP+9 Int-3 Stlth+} (You found it on level 2 of the Depths)
 67055 | Depths:2 | Killed the Enchantress
 67058 | Depths:2 | Got a faerie dragon armour
 67069 | Depths:2 | Identified the +6 faerie dragon armour {rPois rF+ rCorr Int+2} (You took it off the Enchantress on level 2 of the Depths)
 67246 | Depths:3 | Paralysed by a giant eyeball for 3 turns
 67443 | Depths:3 | Found a one-way gate leading to the halls of Pandemonium.
 67514 | Depths:3 | Found a shadowy altar of Dithmenos.
 67514 | Depths:3 | Found a glowing golden altar of the Shining One.
 67515 | Depths:3 | Found a shadowy altar of Dithmenos.
 67692 | Depths:3 | Noticed Margery
 68288 | Depths:3 | Noticed a juggernaut
 68299 | Depths:3 | Killed a juggernaut
 68368 | Depths:3 | Noticed an ancient lich
 68396 | Depths:3 | Killed Margery
 68407 | Depths:3 | Killed an ancient lich
 68408 | Depths:3 | Reached XP level 26. HP: 149/170 MP: 28/28
 68927 | Depths:3 | Got an ichor-stained mace {freeze}
 68934 | Depths:3 | Identified the +8 mace of Moderation {freeze, rElec} (You took it off a tengu warrior on level 3 of the Depths)
 68957 | Depths:3 | Got a twisted ring mail
 68968 | Depths:3 | Identified the cursed +0 ring mail of the Boiling Point {rF- Regen+ Int+9 Dex-2} (You found it on level 3 of the Depths)
 69145 | Depths:3 | Noticed Wiglaf
 69153 | Depths:3 | Killed Wiglaf
 70346 | Slime:1  | Entered Level 1 of the Pits of Slime
 70951 | Slime:2  | HP: 8/170 [azure jelly (4)]
 70951 | Slime:2  | HP: 1/170 [acid (7)]
 71412 | Lair:8   | Gained mutation: You have sharp fingernails. [potion of mutation]
 71413 | Lair:8   | Gained mutation: Your magical capacity is low (-10% MP). [potion of mutation]
 71418 | Lair:8   | Gained mutation: Your magical capacity is very low (-20% MP). [potion of mutation]
 71419 | Lair:8   | Lost mutation: You possess an exceptional clarity of mind. [potion of mutation]
 71420 | Lair:8   | Lost mutation: Your magical capacity is very low (-20% MP). [potion of cure mutation]
 71420 | Lair:8   | Lost mutation: Your magical capacity is low (-10% MP). [potion of cure mutation]
 71420 | Lair:8   | Lost mutation: You are weak. (Str -2) [potion of cure mutation]
 71910 | Crypt:1  | Entered Level 1 of the Crypt
 72904 | Crypt:2  | Learned a level 5 spell: Aura of Abjuration
 73244 | Crypt:2  | Reached skill level 1 in Summonings
 73436 | Crypt:2  | Reached skill level 1 in Necromancy
 73579 | Crypt:3  | Entered Level 3 of the Crypt
 73855 | Crypt:3  | Found an ancient bone altar of Kikubaaqudgha.
 74092 | Crypt:3  | Reached XP level 27. HP: 175/176 MP: 28/28
 74379 | Crypt:3  | Got a glittering golden ring
 74412 | Crypt:3  | Found a staircase to the Tomb.
 74439 | Crypt:3  | Got a clouded copper ring
 74439 | Crypt:3  | Got a sparkling amber ring
 74441 | Crypt:3  | Identified the ring of the King {rPois rN+ Dex+3} (You found it on level 3 of the Crypt)
 74443 | Crypt:3  | Identified the ring "Boomipug" {rPois rN+ MP+9 Dex+4} (You found it on level 3 of the Crypt)
 74445 | Crypt:3  | Identified the ring of Qoruic {rF+ rN+} (You took it off a skeletal warrior on level 3 of the Crypt)
 75421 | Crypt:1  | Reached skill level 5 in Charms
 78253 | Slime:6  | Entered Level 6 of the Pits of Slime
 78331 | Slime:6  | Noticed the Royal Jelly
 78882 | Slime:6  | Killed the Royal Jelly
 80221 | Crypt:3  | Learned a level 1 spell: Sandblast
 80231 | Crypt:3  | Learned a level 5 spell: Lee's Rapid Deconstruction
 80566 | Hell     | Entered the Vestibule of Hell
 80566 | Hell     | Noticed Geryon
 80587 | Hell     | Reached skill level 5 in Summonings
 80587 | Hell     | Killed Geryon
 80590 | Hell     | Reached skill level 1 in Earth Magic
 81200 | Hell     | Found a gateway to the ashen valley of Gehenna.
 81333 | Hell     | Found a gateway to the freezing wastes of Cocytus.
 81429 | Hell     | Found a gateway to the decaying netherworld of Tartarus.
 81648 | Hell     | Found a gateway to the Iron City of Dis.
 81774 | Tar:1    | Entered Level 1 of Tartarus
 82324 | Tar:1    | Reached skill level 5 in Earth Magic
 83481 | Tar:2    | Reached skill level 5 in Necromancy
 85301 | Tar:2    | Gained mutation: You are frail (-10% HP). [mutagenic glow]
 85376 | Tar:2    | Lost mutation: You are frail (-10% HP). [potion of cure mutation]
 85376 | Tar:2    | Lost mutation: You are somewhat resistant to further mutation. [potion of cure mutation]
 85376 | Tar:2    | Lost mutation: You passively map the area around you. [potion of cure mutation]
 85377 | Tar:2    | Gained mutation: You have a somewhat thin skeletal structure (Dex +2, Stealth). [potion of beneficial mutation]
 86214 | Slime:6  | Got a faintly glowing turquoise ring
 86216 | Slime:6  | Got a slimy rune of Zot
 86218 | Slime:6  | Identified the ring "Akoev" {rCorr rF++ MP+9 Dex-4 Slay+5} (You found it on level 6 of the Pits of Slime)
 86312 | Slime:6  | Got a transparent wooden ring
 86372 | Slime:6  | Got a clouded garnet amulet
 86401 | Slime:6  | Got a smoking ruby amulet
 86403 | Slime:6  | Identified the amulet of Jisieg {Gourm rElec Dex+2 Stlth+} (You found it on level 6 of the Pits of Slime)
 86404 | Slime:6  | Identified the amulet of Kimocey {Spirit rPois rF+++ rN+ Int-4} (You found it on level 6 of the Pits of Slime)
 86405 | Slime:6  | Identified the ring "Utugia" {Fire rPois SInv} (You found it on level 6 of the Pits of Slime)
 86994 | Vaults:2 | You paid a toll of a +4 shadow dragon armour to enter a treasure trove
 86995 | Trove    | Entered a treasure trove
 87004 | Trove    | Got a glittering ruby amulet
 87011 | Trove    | Got a crude ivory ring
 87013 | Trove    | Got a brightly glowing glass ring
 87020 | Trove    | Got a glittering copper ring
 87025 | Trove    | Got a translucent iron ring
 87045 | Trove    | Identified the amulet "Tozaat" {RegenMP Str+4} (You found it in a treasure trove)
 87051 | Trove    | Identified the ring "Koryqa" {rF+ MP+9 Str+3 Dex+3} (You found it in a treasure trove)
 87053 | Trove    | Identified the ring "Neutwas" {rCorr rF+ Str+4 Slay+3} (You found it in a treasure trove)
 87055 | Trove    | Identified the ring of Yrrohel {rF- MP+9 Dex+4 SInv Stlth+} (You found it in a treasure trove)
 87057 | Trove    | Identified the ring "Guaneifi" {MP+9 Str+4 Int+3} (You found it in a treasure trove)
 87399 | Tar:1    | Reached skill level 5 in Spellcasting
 89388 | Tar:4    | Found a huge runed gate.
 89395 | Tar:4    | Found a huge runed gate.
 89395 | Tar:4    | Found a huge runed gate.
 89397 | Tar:4    | Found a huge runed gate.
 89398 | Tar:4    | Found a huge runed gate.
 89439 | Tar:4    | Found a huge runed gate.
 89443 | Tar:4    | Found a huge runed gate.
 89443 | Tar:4    | Found a huge runed gate.
 89443 | Tar:4    | Found a huge runed gate.
 89443 | Tar:4    | Found a huge runed gate.
 89837 | Tar:4    | Found a huge runed gate.
 89837 | Tar:4    | Found a huge runed gate.
 89837 | Tar:4    | Found a huge runed gate.
 89837 | Tar:4    | Found a huge runed gate.
 89837 | Tar:4    | Found a huge runed gate.
 89837 | Tar:4    | Found a huge runed gate.
 89837 | Tar:4    | Found a huge runed gate.
 89837 | Tar:4    | Found a huge runed gate.
 89976 | Tar:4    | Gained mutation: Your magical capacity is low (-10% MP). [mutagenic glow]
 90014 | Tar:4    | Gained mutation: You tend to lose your temper in combat. [mutagenic glow]
 90467 | Tar:4    | Found a huge runed gate.
 90657 | Tar:4    | Found a huge runed gate.
 90657 | Tar:4    | Found a huge runed gate.
 90657 | Tar:4    | Found a huge runed gate.
 90657 | Tar:4    | Found a huge runed gate.
 90799 | Tar:4    | Reached skill level 10 in Summonings
 92413 | Tar:5    | Gained mutation: You are partially covered in large bone plates (AC +2, SH +2). [mutagenic glow]
 92450 | Tar:5    | Gained mutation: Your magical capacity is very low (-20% MP). [mutagenic glow]
 94148 | Tar:7    | Entered Level 7 of Tartarus
 94638 | Tar:7    | Reached skill level 10 in Dodging
 94902 | Tar:7    | Got a warped broad axe
 94903 | Tar:7    | Identified the +2 broad axe "Pejuemeo" {drain, rC+ Stlth+} (You found it on level 7 of Tartarus)
 95421 | Tar:7    | Got a jewelled chain mail
 95424 | Tar:7    | Identified the +3 chain mail of the Bagpipe {+Fly rF+ rC- rN+++} (You found it on level 7 of Tartarus)
 95705 | Tar:7    | Noticed Ereshkigal
 95754 | Tar:7    | Killed Ereshkigal
 96102 | Tar:7    | Identified the Grimoire of Ghastly Companions
 96184 | Tar:7    | Got a glittering platinum ring
 96186 | Tar:7    | Identified the ring "Yceux" {rElec rF+ rC+ Dex+3} (You found it on level 7 of Tartarus)
 96317 | Tar:7    | Identified the Reference Book on Supportive Flames
 96601 | Tar:7    | Got a bone rune of Zot
 96790 | Depths:1 | Voluntarily entered the Abyss.
 96953 | Abyss:2  | Found a corrupted altar of Lugonu.
 97632 | Abyss:3  | Found a corrupted altar of Lugonu.
 97679 | Abyss:3  | Found a corrupted altar of Lugonu.
 97798 | Abyss:3  | Paralysed by accursed screaming for 1 turns
 97849 | Abyss:3  | Reached skill level 10 in Earth Magic
 98096 | Abyss:3  | Gained mutation: You expend magic power (3 MP) to strengthen your wands. [a neqoxec]
 98192 | Abyss:3  | Found a corrupted altar of Lugonu.
 98571 | Abyss:3  | Gained mutation: Your body sometimes deteriorates upon taking damage. [a neqoxec]
 99153 | Abyss:3  | Got an abyssal rune of Zot
 99201 | Depths:1 | Escaped the Abyss
 99755 | Depths:4 | Gained mutation: You are weak. (Str -2) [potion of mutation]
 99756 | Depths:4 | Gained mutation: You are agile. (Dex +2) [potion of beneficial mutation]
 99876 | Depths:4 | Lost mutation: You are weak. (Str -2) [mutagenic meat]
 99881 | Depths:4 | Lost mutation: Your body sometimes deteriorates upon taking damage. [mutagenic meat]
 99903 | Depths:4 | Lost mutation: You passively map a small area around you. [mutagenic meat]
 99904 | Depths:4 | Gained mutation: You have a pair of small horns on your head. [mutagenic meat]
 99905 | Depths:4 | Gained mutation: Your body sometimes deteriorates upon taking damage. [mutagenic meat]
100049 | Depths:4 | Noticed Mennas
100050 | Depths:4 | Got an ancient helmet
100052 | Depths:4 | Identified the +1 helmet of the Maze {Str+8} (You found it on level 4 of the Depths)
100094 | Depths:4 | Killed Mennas
100483 | Depths:4 | Noticed Jorgrun
100501 | Depths:4 | Killed Jorgrun
100523 | Depths:4 | Gained mutation: You are weak. (Str -2) [mutagenic meat]
100524 | Depths:4 | Gained mutation: Your movements are slightly less encumbered by armour (ER -2). [mutagenic meat]
100527 | Depths:4 | Gained mutation: Your natural rate of healing is unusually fast. [mutagenic meat]
100589 | Depths:4 | Noticed Mara
100595 | Depths:4 | Killed Mara
100685 | Depths:5 | Entered Level 5 of the Depths
100813 | Depths:5 | Lost mutation: You have sharp fingernails. [mutagenic meat]
100814 | Depths:5 | Gained mutation: You are dopey. (Int -2) [mutagenic meat]
100815 | Depths:5 | Gained mutation: You are robust (+10% HP). [mutagenic meat]
100816 | Depths:5 | Lost mutation: Your body sometimes deteriorates upon taking damage. [mutagenic meat]
100817 | Depths:5 | Lost mutation: You are agile. (Dex +2) [mutagenic meat]
100818 | Depths:5 | Gained mutation: You are somewhat resistant to further mutation. [mutagenic meat]
101440 | D:10     | Bought the +2 cloak of the Thief {+Fog Slay-2 SInv Stlth+} for 661 gold pieces
101998 | Depths:5 | Found a gate to the Realm of Zot.
103200 | Dis:1    | Entered Level 1 of the Iron City of Dis
104108 | Dis:1    | Reached skill level 27 in Bows
107110 | Dis:3    | Gained mutation: You heal very quickly. [mutagenic glow]
107214 | Dis:3    | Reached skill level 10 in Charms
107224 | Dis:3    | Reached skill level 15 in Armour
110303 | Dis:6    | Reached skill level 10 in Necromancy
111037 | Dis:6    | Reached skill level 5 in Air Magic
111137 | Dis:7    | Entered Level 7 of the Iron City of Dis
112827 | Dis:7    | Got a jewelled whip
112828 | Dis:7    | Identified the cursed +3 whip of Lasmeesua {slash, *Rage rC++} (You found it on level 7 of the Iron City of Dis)
112853 | Dis:7    | Got a twisted long sword
112862 | Dis:7    | Identified the +10 long sword of Spite {antimagic, -Tele rElec rC+++ Stlth+} (You found it on level 7 of the Iron City of Dis)
112867 | Dis:7    | Identified the Almanac of Torrid Snow (You found it on level 7 of the Iron City of Dis)
113088 | Dis:7    | Reached skill level 5 in Throwing
113385 | Dis:7    | Got a transparent scythe
113386 | Dis:7    | Identified the +6 scythe of Resourcefulness {slice, rElec} (You found it on level 7 of the Iron City of Dis)
113585 | Dis:7    | Noticed Dispater
113900 | Dis:7    | Killed Dispater
114010 | Dis:7    | Got an iron rune of Zot
114311 | Geh:1    | Entered Level 1 of Gehenna
114780 | Geh:1    | Gained mutation: You often lose your temper in combat. [mutagenic glow]
116345 | Geh:3    | Reached skill level 27 in Axes
116887 | Geh:3    | Reached skill level 1 in Maces & Flails
118758 | Geh:6    | Reached skill level 10 in Spellcasting
119594 | Geh:7    | Entered Level 7 of Gehenna
120725 | Geh:7    | Got a slimy short sword
120726 | Geh:7    | Identified the +8 short sword of Sin {pierce, rF+ rN+ SInv} (You found it on level 7 of Gehenna)
120761 | Geh:7    | Noticed the Serpent of Hell
120773 | Geh:7    | Killed the Serpent of Hell
120815 | Geh:7    | Got an encrusted shortbow
120816 | Geh:7    | Identified the +3 shortbow "Fepseobe" {flame, rC+ rN+} (You found it on level 7 of Gehenna)
120869 | Geh:7    | Got a twisted scimitar {freeze}
120878 | Geh:7    | Identified the +9 scimitar of Agony {freeze, rElec rPois} (You took it off a balrug on level 7 of Gehenna)
121058 | Geh:7    | Noticed Asmodeus
121086 | Geh:7    | Killed Asmodeus
121113 | Geh:7    | Got an obsidian rune of Zot
121618 | Elf:2    | Bought 3 fruits for 63 gold pieces
121618 | Elf:2    | Bought a bread ration for 70 gold pieces
121618 | Elf:2    | Bought a bread ration for 70 gold pieces
121618 | Elf:2    | Bought a beef jerky for 21 gold pieces
121618 | Elf:2    | Bought a beef jerky for 21 gold pieces
121618 | Elf:2    | Bought a meat ration for 70 gold pieces
121618 | Elf:2    | Bought a meat ration for 70 gold pieces
121618 | Elf:2    | Bought a beef jerky for 21 gold pieces
122052 | Zot:1    | Entered Level 1 of the Realm of Zot
122224 | Zot:1    | Reached skill level 15 in Earth Magic
122552 | Zot:2    | Noticed an orb of fire
122575 | Zot:2    | Killed an orb of fire
122768 | Zot:2    | Got a polished plate armour
122799 | Zot:2    | Reached skill level 27 in Fighting
122830 | Zot:1    | Identified the +14 plate armour of Heresy {MP+9 Str+3 Int+4} (You found it on level 2 of the Realm of Zot)
123536 | Coc:1    | Entered Level 1 of Cocytus
123776 | Coc:1    | Lost mutation: You are robust (+10% HP). [mutagenic glow]
125212 | Coc:4    | Lost mutation: You have a pair of small horns on your head. [mutagenic glow]
125576 | Coc:3    | Gained mutation: You are very weak. (Str -4) [mutagenic glow]
126196 | Coc:4    | Lost mutation: You expend magic power (3 MP) to strengthen your wands. [the power of Zot]
126781 | Coc:7    | Entered Level 7 of Cocytus
127683 | Coc:7    | Reached skill level 15 in Dodging
127684 | Coc:7    | Noticed Antaeus
127976 | Coc:7    | Killed Antaeus
127978 | Coc:7    | Got a clouded lead amulet
128004 | Coc:7    | Got an icy rune of Zot
128011 | Coc:7    | Identified the Incunabulum of Flames and Shape Shifting
128021 | Coc:7    | Identified the amulet of Acuseraf {Faith Str+3} (You took it off Antaeus on level 7 of Cocytus)
128686 | Tomb:1   | Entered Level 1 of the Tomb of the Ancients
128964 | Tomb:1   | Noticed a greater mummy
128974 | Tomb:1   | Killed a greater mummy
129192 | Tomb:1   | Noticed an ancient lich
129202 | Tomb:1   | Killed an ancient lich
129539 | Tomb:1   | Learned a level 4 spell: Olgreb's Toxic Radiance
129579 | Tomb:2   | Noticed a greater mummy
129579 | Tomb:2   | Noticed a greater mummy
129579 | Tomb:2   | Noticed a greater mummy
129579 | Tomb:2   | Noticed a greater mummy
129764 | Tomb:1   | Killed a greater mummy
129764 | Tomb:1   | Reached skill level 1 in Poison Magic
129830 | Tomb:2   | Killed a greater mummy
129831 | Tomb:2   | Killed a greater mummy
129835 | Tomb:2   | Killed a greater mummy
130159 | Tomb:1   | Noticed a greater mummy
130160 | Tomb:1   | Noticed a greater mummy
130162 | Tomb:1   | Noticed a greater mummy
130255 | Tomb:1   | Killed a greater mummy
130264 | Tomb:1   | Killed a greater mummy
130265 | Tomb:1   | Killed a greater mummy
130275 | Tomb:1   | Noticed a greater mummy
130283 | Tomb:1   | Killed a greater mummy
130352 | Tomb:1   | Noticed a greater mummy
130363 | Tomb:1   | Killed a greater mummy
130400 | Tomb:1   | Noticed a greater mummy
130405 | Tomb:1   | Noticed a greater mummy
130419 | Tomb:1   | Killed a greater mummy
130437 | Tomb:1   | Killed a greater mummy
130489 | Tomb:1   | Noticed a greater mummy
130497 | Tomb:1   | Killed a greater mummy
130933 | Tomb:3   | Entered Level 3 of the Tomb of the Ancients
131044 | Tomb:3   | Noticed a greater mummy
131045 | Tomb:3   | Noticed a greater mummy
131047 | Tomb:3   | Noticed an ancient lich
131119 | Tomb:3   | Noticed a greater mummy
131121 | Tomb:3   | Noticed a greater mummy
131127 | Tomb:2   | Killed a greater mummy
131188 | Tomb:3   | Noticed a greater mummy
131191 | Tomb:3   | Noticed a greater mummy
131194 | Tomb:3   | Noticed a greater mummy
131194 | Tomb:3   | Killed an ancient lich
131195 | Tomb:3   | Noticed a greater mummy
131196 | Tomb:3   | Killed a greater mummy
131196 | Tomb:3   | Reached skill level 5 in Poison Magic
131202 | Tomb:2   | Killed a greater mummy
131317 | Tomb:2   | Killed a greater mummy
131383 | Tomb:2   | Killed a greater mummy
131474 | Tomb:3   | Killed a greater mummy
131475 | Tomb:3   | Killed a greater mummy
131475 | Tomb:3   | Reached skill level 15 in Summonings
131482 | Tomb:3   | Killed a greater mummy
131734 | Tomb:3   | Got a slimy war axe
131735 | Tomb:3   | Identified the +6 war axe "Heluor" {flame, rF+} (You found it on level 3 of the Tomb of the Ancients)
132039 | Tomb:3   | Got a golden rune of Zot
132151 | Tomb:3   | Got a warped platinum ring
132153 | Tomb:3   | Identified the ring of Ushrac Iloc {SustAt rElec Dex+2 Stlth+} (You found it on level 3 of the Tomb of the Ancients)
132182 | Tomb:3   | Got a slimy ivory amulet
132185 | Tomb:3   | Identified the amulet "Ysinn" {+Rage rElec rC+} (You found it on level 3 of the Tomb of the Ancients)
132193 | Tomb:3   | Got a faintly humming scale mail
132204 | Tomb:3   | Identified the +1 scale mail of Hospitality {rF+} (You found it on level 3 of the Tomb of the Ancients)
132216 | Tomb:3   | Identified Royhetamm's Disquisition on Unstable Companions (You found it on level 3 of the Tomb of the Ancients)
132220 | Tomb:3   | Identified Kikubaaqudgha's Handbook of Sinister Rituals
132227 | Tomb:3   | Learned a level 5 spell: Cigotuvi's Embrace
132263 | Tomb:3   | Got a transparent shortbow
132264 | Tomb:3   | Identified the +6 shortbow of Guilt {velocity, +Blink Int+3} (You found it on level 3 of the Tomb of the Ancients)
133317 | Depths:5 | Lost mutation: You often lose your temper in combat. [mutagenic meat]
133372 | Zot:3    | Noticed an orb of fire
133385 | Zot:3    | Killed an orb of fire
133387 | Zot:3    | Reached skill level 15 in Spellcasting
135128 | Zot:5    | Entered Level 5 of the Realm of Zot
135363 | Zot:5    | Noticed tyranidshit's ghost (legendary MiBe)
135402 | Zot:5    | Killed tyranidshit's ghost
135583 | Zot:5    | Noticed an ancient lich
135584 | Zot:5    | Noticed an ancient lich
135585 | Zot:5    | Noticed an orb of fire
135586 | Zot:5    | Noticed an orb of fire
135586 | Zot:5    | Noticed an ancient lich
135591 | Zot:5    | Killed an ancient lich
135592 | Zot:5    | Noticed an ancient lich
135597 | Zot:5    | Killed an ancient lich
135602 | Zot:5    | Killed an orb of fire
135606 | Zot:5    | Killed an ancient lich
135708 | Zot:5    | Noticed an orb of fire
135721 | Zot:5    | Gained mutation: Your magical capacity is extremely low (-30% MP). [an orb of fire]
135739 | Zot:5    | Killed an orb of fire
135749 | Zot:5    | Noticed an ancient lich
135762 | Zot:5    | Killed an ancient lich
135762 | Zot:5    | Reached skill level 10 in Poison Magic
135894 | Zot:5    | Noticed an ancient lich
135897 | Zot:5    | Noticed an orb of fire
135907 | Zot:5    | Killed an ancient lich
135914 | Zot:5    | Killed an orb of fire
135934 | Zot:5    | Noticed an ancient lich
135941 | Zot:5    | Killed an ancient lich
136019 | Zot:5    | Got the Orb of Zot
136052 | Zot:5    | Noticed Vomesopn the pandemonium lord
136074 | Zot:5    | Killed Vomesopn the pandemonium lord
136289 | D:15     | Noticed Osteyn the pandemonium lord
136298 | D:15     | Killed from afar by a Brimstone Fiend

Skill      XL: |  1  2  3  4  5  6  7  8  9 10 11 12 13 14 15 16 17 18 19 20 21 22 23 24 25 26 27 |
---------------+----------------------------------------------------------------------------------+-----
Axes           | 3 4 5 5 6 8 9 10 11 12 13 14 15 16 17 18 19 27 | 27.0
Dodging        | 3 4 5 6 7 8 17 | 17.7
Armour         | 1 2 4 5 6 7 8 9 10 11 12 13 20 | 20.9
Stealth        | 1 2 0 |  0.0
Fighting       | 3 4 5 5 6 7 8 9 10 11 12 13 14 15 16 17 18 19 27 | 27.0
Throwing       | 2 3 9 |  9.6
Bows           | 2 5 8 10 12 13 14 15 16 17 18 19 20 21 22 23 27 | 27.0
Shields        | 1 2 3 4 5 6 7 |  7.0
Staves         | 3 6 7 8 9 10 11 | 11.5
Spellcasting   | 2 3 16 | 16.5
Air Magic      | 2 3 6 |  6.8
Charms         | 1 3 4 14 | 14.1
Summonings     | 2 15 | 15.3
Necromancy     | 2 13 | 13.4
Earth Magic    | 15 | 15.6
Maces & Flails | 2 |  2.1
Poison Magic   | 10 | 10.5

Action                   |  1- 3 |  4- 6 |  7- 9 | 10-12 | 13-15 | 16-18 | 19-21 | 22-24 | 25-27 || total
-------------------------+-------+-------+-------+-------+-------+-------+-------+-------+-------++-------
Melee: War axe           |    88 |    84 |    47 |    46 |       |       |       |       |       ||   265
       Dagger            |    17 |    31 |       |       |       |       |       |       |       ||    48
       Battleaxe         |       |       |       |   171 |   844 |   491 |   607 |   659 |  7127 ||  9899
       Staff             |       |       |       |       |    77 |   143 |       |       |     5 ||   225
       Unarmed           |       |       |       |       |     3 |       |       |       |       ||     3
       Longbow           |       |       |       |       |       |       |       |       |     3 ||     3
       Headbutt          |       |       |       |       |       |       |       |       |  1104 ||  1104
       Broad axe         |       |       |       |       |       |       |       |       |   107 ||   107
       Eveningstar       |       |       |       |       |       |       |       |       |    21 ||    21
 Fire: Longbow           |       |       |   203 |   549 |  1045 |  1110 |  1215 |   961 |  5329 || 10412
       Shortbow          |       |       |       |       |       |       |       |    44 |   116 ||   160
Throw: Tomahawk          |       |     9 |       |     7 |     9 |    14 |    15 |     4 |       ||    58
       Javelin           |       |       |       |       |       |       |       |    14 |   291 ||   305
 Cast: Repel Missiles    |       |       |       |       |       |     1 |     6 |     5 |    33 ||    45
       Regeneration      |       |       |       |       |       |       |       |       |   393 ||   393
       Aura of Abjuratio |       |       |       |       |       |       |       |       |   110 ||   110
       Lee's Rapid Decon |       |       |       |       |       |       |       |       |    22 ||    22
       Cigotuvi's Embrac |       |       |       |       |       |       |       |       |    11 ||    11
       Olgreb's Toxic Ra |       |       |       |       |       |       |       |       |     5 ||     5
Invok: Sacrifice Stealth |       |       |     1 |       |       |       |       |       |       ||     1
       Sacrifice Love    |       |       |       |     1 |       |       |       |       |       ||     1
       Sacrifice Skill   |       |       |       |     1 |       |       |       |       |       ||     1
       Sacrifice Arcana  |       |       |       |     1 |       |       |       |       |       ||     1
       Draw Out Power    |       |       |       |       |     3 |     4 |     2 |     1 |     5 ||    15
       Sacrifice Artific |       |       |       |       |     1 |       |       |       |       ||     1
       Apocalypse        |       |       |       |       |     4 |     1 |     2 |     5 |    22 ||    34
       Power Leap        |       |       |       |       |       |       |       |     2 |       ||     2
 Abil: Fly               |       |       |       |       |     1 |       |       |     1 |       ||     2
Evoke: Wand              |       |       |       |     2 |       |       |       |       |       ||     2
       Figurine of a zig |       |       |       |       |       |       |       |       |     1 ||     1
  Use: Scroll            |     1 |     1 |     1 |    18 |     5 |    11 |     3 |    10 |    36 ||    86
       Potion            |       |       |       |    10 |     5 |     2 |     2 |     7 |    36 ||    62
 Stab: Sleeping          |     2 |     1 |       |       |       |       |       |       |       ||     3
       Invisible         |       |       |       |     1 |     9 |    13 |     5 |     8 |    78 ||   114
       Paralysed         |       |       |       |       |    11 |     7 |     4 |    19 |    50 ||    91
       Distracted        |       |       |       |       |     3 |     1 |     2 |     5 |    60 ||    71
       Petrifying        |       |       |       |       |       |       |       |     2 |       ||     2
       Confused          |       |       |       |       |       |       |       |       |     2 ||     2
  Eat: Chunk             |     2 |     5 |     9 |    28 |    38 |    18 |    38 |    26 |   199 ||   363
       Meat ration       |       |       |       |     2 |       |     3 |       |       |    24 ||    29
       Royal jelly       |       |       |       |     2 |       |     1 |     1 |     1 |     4 ||     9
       Pizza             |       |       |       |     1 |     2 |     2 |       |     2 |     5 ||    12
       Beef jerky        |       |       |       |     1 |     2 |       |       |     6 |    20 ||    29
       Bread ration      |       |       |       |       |       |       |       |       |    27 ||    27
       Fruit             |       |       |       |       |       |       |       |       |    27 ||    27
Armor: Leather armour    |    51 |    16 |       |       |   189 |       |       |       |       ||   256
       Ring mail         |       |    21 |       |       |       |       |       |       |       ||    21
       Scale mail        |       |     9 |    50 |       |       |       |       |       |     2 ||    61
       Chain mail        |       |       |    47 |   301 |    24 |    27 |   699 |   828 |  4692 ||  6618
       Skin              |       |       |       |     2 |       |       |       |       |     1 ||     3
       Plate armour      |       |       |       |       |   490 |   755 |       |       |       ||  1245
       Mottled dragon ar |       |       |       |       |       |       |       |       |   209 ||   209
Dodge: Dodged            |    84 |    95 |   123 |   264 |   665 |   429 |   576 |   681 |  6114 ||  9031
       Deflected         |       |       |       |       |       |       |    18 |    15 |    95 ||   128
Block: Other             |       |    11 |    25 |    56 |   101 |   110 |   114 |   118 |   375 ||   910
       Reflection        |       |       |     2 |     1 |       |     9 |    12 |     7 |     4 ||    35
